 Dungeon Crawl Stone Soup version 0.22-a0-580-gd5db89c (webtiles) character file.

365054 Amnesiac the Devastator (level 20, -10/178 HPs)
             Began as a Demigod Wizard on July 2, 2018.
             Killed by the air
             ... invoked by a titan
              (36 damage)
             ... on level 5 of the Vaults on July 3, 2018.
             The game lasted 03:20:04 (69094 turns).

Amnesiac the Devastator (Demigod Wizard)           Turns: 69094, Time: 03:20:06

Health: -10/178    AC: 18    Str: 10    XL:     20   Next: 69%
Magic:  5/46       EV: 22    Int: 43    God:
Gold:   1753       SH: 12    Dex: 17    Spells: 10/52 levels left

rFire    + . .     SeeInvis +   b - +9 quick blade (freeze)
rCold    + . .     Gourm    .   z - +0 shield
rNeg     . . .     Faith    .   I - +2 robe {Archmagi}
rPois    +         Spirit   .   c - +2 helmet {Int+3}
rElec    +         Reflect  .   Y - +2 cloak {MR+}
rCorr    +         Harm     +   M - +2 pair of gloves {Dex+3}
MR       +++..                  h - +0 pair of boots "Zaameap" {rPois Regen+ Int+6} (curse)
Stlth    ++........             g - amulet of harm
HPRegen  0.79/turn              U - +4 ring of protection
MPRegen  0.30/turn              J - ring of see invisible

@: resistant, very slightly contaminated, heavily drained
A: high mp 1
}: 2/15 runes: decaying, silver
a: no special abilities


You were on level 5 of the Vaults.
You were not hungry.

You visited 7 branches of the dungeon, and saw 37 of its levels.
You visited 1 bazaar.
You also visited: Labyrinth, Volcano and Desolation.

You collected 4573 gold pieces.
You spent 2820 gold pieces at shops.

Inventory:

Hand Weapons
 b - a +9 quick blade of freezing (weapon)
 R - a +7 blowgun
Missiles
 K - 20 curare-tipped needles
Armour
 c - a +2 helmet of intelligence (worn)
 h - the cursed +0 pair of boots "Zaameap" (worn) {rPois Regen+ Int+6}
   (You found it in the Desolation of Salt)

   It affects your intelligence (+6).
   It protects you from poison.
   It increases your rate of regeneration.
   It has a curse placed upon it.
 o - a +2 robe of magic resistance
 u - a scarf of spirit shield
 z - a +0 shield (worn)
 I - a +2 robe of the Archmagi (worn)
 M - a +2 pair of gloves of dexterity (worn)
 Y - a +2 cloak of magic resistance (worn)
Magical Staves
 a - an uncursed staff of power
 w - an uncursed staff of fire
Jewellery
 g - an amulet of harm (around neck)
 i - an uncursed ring of protection from cold
 q - an uncursed ring of magical power
 x - an uncursed ring of wizardry
 y - an uncursed amulet of guardian spirit
 D - an uncursed ring of poison resistance
 J - a ring of see invisible (right hand)
 T - an uncursed ring of flight
 U - a +4 ring of protection (left hand)
Wands
 A - a wand of disintegration (9)
 O - a wand of paralysis (27)
 V - a wand of digging (24)
Scrolls
 e - 3 scrolls of enchant armour {!r}
 f - 4 scrolls of teleportation {!r}
 m - 11 scrolls of identify {!r}
 n - 2 scrolls of amnesia {!r}
 p - 5 scrolls of fog {!r}
 r - 17 scrolls of remove curse {!r}
 v - 2 scrolls of magic mapping {!r}
 F - a scroll of holy word {!r}
 G - 2 scrolls of blinking {!r}
 X - 6 scrolls of fear {!r}
Potions
 k - 4 potions of cancellation {!q}
 t - a potion of resistance {!q}
 B - a potion of mutation {!q}
 L - 7 potions of brilliance {!q}
 Q - a potion of invisibility {!q}
Miscellaneous
 l - a box of beasts
 E - a lightning rod (4/4)
 H - a crystal ball of energy
 P - a phial of floods
Comestibles
 d - 19 rations
 s - 4 chunks of flesh


   Skills:
 - Level 15.0(13.4) Fighting
 * Level 7.5(6.1) Short Blades
 - Level 15.0(13.4) Dodging
 - Level 1.7(0.6) Stealth
 - Level 15.0(13.4) Shields
 - Level 16.5(14.8) Spellcasting
 - Level 16.6(15.0) Conjurations
 - Level 3.0(1.8) Charms
 - Level 0.8(0.0) Summonings
 - Level 0.8(0.0) Translocations


You had 10 spell levels left.
You knew the following spells:

 Your Spells              Type           Power        Failure   Level  Hunger
a - Force Lance           Conj/Tloc      #######.     1%          4    None
c - Deflect Missiles      Chrm/Air       ######....   75%         6    None
d - Orb of Destruction    Conj           ########..   1%          7    ###....
e - Iskenderun's Mystic   Conj           ########     1%          4    None
f - Fulminant Prism       Conj/Hex       #######...   1%          4    None
g - Summon Butterflies    Summ           #####...     1%          1    None
h - Passwall              Tmut/Erth      #####...     1%          2    None
i - Spellforged Servitor  Conj/Summ      #######...   38%         7    ###....
v - Blink                 Tloc           N/A          1%          2    None
w - Irradiate             Conj/Tmut      #######...   1%          5    None

Your spell library contained the following spells:

 Spells                   Type           Power        Failure   Level  Hunger
 Magic Dart               Conj           ####         0%          1    None
 Fireball                 Conj/Fire      #######...   1%          5    None
 Apportation              Tloc           #####.       1%          1    None
 Conjure Flame            Conj/Fire      #######.     1%          3    None
 Bolt of Cold             Conj/Ice       #######...   8%          6    None
 Lightning Bolt           Conj/Air       #######...   1%          5    None
 Bolt of Magma            Conj/Fire/Erth #######...   3%          5    None
 Slow                     Hex            #####...     1%          2    None
 Confuse                  Hex            #####...     3%          3    None
 Invisibility             Hex            #####...     86%         6    None
 Throw Flame              Conj/Fire      ######       1%          2    None
 Throw Frost              Conj/Ice       ######       1%          2    None
 Controlled Blink         Tloc           N/A          100%        8    #####..
 Freezing Cloud           Conj/Ice/Air   #######...   22%         6    None
 Mephitic Cloud           Conj/Pois/Air  #######.     1%          3    None
 Ring of Flames           Chrm/Fire      ######....   99%         7    ###....
 Venom Bolt               Conj/Pois      #######...   1%          5    None
 Summon Small Mammal      Summ           ####         1%          1    None
 Ozocubu's Refrigeration  Ice            #####.....   86%         6    None
 Sticky Flame             Conj/Fire      #######.     1%          4    None
 Summon Ice Beast         Ice/Summ       #####...     11%         4    None
 Ozocubu's Armour         Chrm/Ice       ######..     2%          3    None
 Call Imp                 Summ           #####...     1%          2    None
 Tukima's Dance           Hex            #####...     3%          3    None
 Iron Shot                Conj/Erth      #######...   8%          6    None
 Stone Arrow              Conj/Erth      ######       1%          3    None
 Shock                    Conj/Air       ####         1%          1    None
 Swiftness                Chrm/Air       ######..     1%          2    None
 Recall                   Summ/Tloc      N/A          3%          3    None
 Statue Form              Tmut/Erth      #####....    86%         6    None
 Ice Form                 Ice/Tmut       #####...     11%         4    None
 Dragon Form              Tmut           #####.....   100%        7    ###....
 Throw Icicle             Conj/Ice       #######.     1%          4    None
 Airstrike                Air            #####.....   11%         4    None
 Confusing Touch          Hex            #####.       1%          1    None
 Flame Tongue             Conj/Fire      #####        1%          1    None
 Call Canine Familiar     Summ           #####...     3%          3    None
 Ensorcelled Hibernation  Hex/Ice        #####.       1%          2    None
 Metabolic Englaciation   Hex/Ice        #####.....   30%         5    None
 Silence                  Hex/Air        #####.....   30%         5    None
 Static Discharge         Conj/Air       #######.     1%          3    None
 Alistair's Intoxication  Tmut/Pois      #####...     30%         5    None
 Lee's Rapid Deconstruct  Erth           #####.....   30%         5    None
 Sandblast                Erth           #####.       1%          1    None
 Simulacrum               Ice/Necr       #####.....   86%         6    None
 Conjure Ball Lightning   Conj/Air       #######...   8%          6    None
 Petrify                  Tmut/Erth      #####...     11%         4    None
 Passage of Golubria      Tloc           N/A          11%         4    None
 Tornado                  Air            #####.....   100%        9    ######.
 Inner Flame              Hex/Fire       #####...     3%          3    None
 Iskenderun's Battlesphe  Conj/Chrm      ########     1%          5    None
 Dazzling Spray           Conj/Hex       ######       1%          3    None
 Searing Ray              Conj           ######       0%          2    None
 Summon Lightning Spire   Summ/Air       #####...     11%         4    None
 Summon Guardian Golem    Hex/Summ       #####...     3%          3    None
 Hydra Form               Tmut           #####.....   86%         6    None
 Gell's Gravitas          Tloc           #####.....   3%          3    None
 Yara's Violent Unravell  Hex/Tmut       #####.....   30%         5    None
 Lesser Beckoning         Tloc           #####.....   3%          3    None
 Poisonous Vapours        Pois/Air       #####.       1%          2    None


Dungeon Overview and Level Annotations

Branches:
Dungeon (15/15)            Temple (1/1) D:6            Lair (6/6) D:11
  Swamp (4/4) Lair:3       Spider (4/4) Lair:4        Slime (0/5) Lair:6
    Orc (2/2) D:12            Elf (0/3) Orc:2        Vaults (5/5) D:14
  Crypt (0/3) Vaults:2     Depths (0/5) D:15

Shops:
Orc:1 !   Orc:2 ([[}:   Vaults:2 (   Vaults:3 *

Portals:
Trove: D:14 (give +7 demon whip)


Innate Abilities, Weirdness & Mutations

You have an increased reservoir of magic. (+10% MP)


Message History

The shadow dragon claws your spellforged servitor!
Your spellforged servitor conjures a glowing orb.
The shadow dragon bites your spellforged servitor!
The shadow dragon claws your spellforged servitor. x2
The titan gestures wildly while chanting.
The titan is healed somewhat.
The shadow dragon bites your spellforged servitor!
Your spellforged servitor is destroyed!
Casting: Spellforged Servitor (very dangerous; 17% risk of failure)
Confirm with . or Enter, or press ? or * to list all spells.
The spell is very dangerous to cast (17% risk of failure)!
Continue anyway?
You feel a surge of power!
You miscast Spellforged Servitor.
You are very lightly contaminated with residual magic.
Distant voices call out to you!
Your extra speed is starting to run out.
The titan casts a spell.
The titan is healed somewhat.
The shadow dragon breathes negative energy at you.
The bolt of negative energy hits you!
You feel drained.
* * * LOW HITPOINT WARNING * * *
Found a pair of boots.
Okay, then.
A vault warden comes into view. It is wielding a great mace.
Found 21 arrows, a black book and a runed leather armour.
Found a manual of Spellcasting and a ration.
An eye of devastation comes into view.
The vault warden shouts!
You hear a distant "Zot"!
You feel yourself slow down.
Found a box of beasts.
Okay, then.
Okay, then.
Okay, then.
You hear a distant "Zot"!
Press: ? - help, v - describe, . - travel, g - get item A manual of Spellcasting.
The floor.
Evoke which item? (* to show all) (? for menu, Esc to quit)
Okay, then.
Okay, then.
Okay, then.
Okay, then.
The eye of devastation changes into a shining eye!
Found a leather armour.
You see here a runed leather armour.
Okay, then.
Found a lightning rod (4/4).
A centaur comes into view.
The shining eye turns its gaze towards you.
The centaur shouts!
You hear a shout!
You see here a silver rune of Zot.
You pick up the silver rune and feel its power.
You now have 2 runes.
Press } to see all the runes you have collected.
The shadow dragon breathes negative energy at you.
The bolt of negative energy hits you!
You feel drained.
* * * LOW HITPOINT WARNING * * *
Unknown command.
You hear a distant "Zot"!
You see here a phantom mirror.
The titan shouts!
The centaur changes into a wyvern!
The titan waves its arms in wide circles.
The air twists around and strikes you!
You die...

#..#[ #. ..# #...
...# ...# ....##
##..# # #...## ..[.#
#. #...## ...#
#..###...# ##.}#
#.C.##...####...####.
#.......)@.G.l.....}.
#...##...###p%.#####.
#..##.).##.:[:##
#..#.).##....##
#....(##(..[##
#.(((##...###
#...##...##
#..###...#
#(.###...####


You could see a titan, a vault warden, a shining eye shaped shifter and a wyvern
shaped shifter.

Vanquished Creatures
  A tentacled monstrosity (Swamp:1)
  The ghost of Norchuf the Tortoise, an adept MiFi of the Shining One (Vaults:4)
  2 ancient champions (Vaults:2)
  Gastronok (D:8)
  A storm dragon (Vaults:2)
  A sphinx (Vaults:4)
  A shadow dragon (Vaults:5)
  A thorn hunter (Swamp:4)
  Roxanne (Spider:4)
  Donald (Spider:1)
  An orc warlord (Orc:2)
  6 frost giants
  An imperial myrmidon (Desolation)
  3 fire giants
  An emperor scorpion (Spider:3)
  17 vault wardens
  18 ironheart preservers
  3 deep elf demonologists
  4 entropy weavers
  3 very ugly things
  8 stone giants
  A minotaur (shapeshifter) (Vaults:4)
  Azrael (Orc:2)
  A minotaur (Lab)
  Josephine (D:12)
  3 crystal guardians (Desolation)
  3 ettins (Vaults:4)
  10 ragged hierophants
  Fannar (Orc:1)
  A deep elf high priest (Vaults:5)
  7 yaktaur captains
  2 fire dragons
  7 servants of whispers (Desolation)
  36 vault guards
  5 peacekeepers (Desolation)
  3 ice dragons
  A ghost crab (Swamp:4)
  5 great orbs of eyes
  A catoblepas (Lair:6)
  26 hydras
  12 centaur warriors
  An anaconda (shapeshifter) (D:14)
  12 ogre magi
  6 death knights
  A queen ant (Lair:4)
  9 alligators
  Erica (D:8)
  24 two-headed ogres
  2 tengu warriors
  A death yak (D:9)
  A deep troll earth mage (Vaults:2)
  4 deep troll shamans
  2 spriggan berserkers (Swamp:4)
  4 orc high priests (Orc:2)
  4 deep elf knights
  A hell knight (Volcano)
  A shadow wraith (Vaults:1)
  10 skeletal warriors
  6 unseen horrors
  A fire crab (shapeshifter) (Vaults:1)
  A glowing orange brain (Vaults:3)
  19 deep trolls
  A lindwurm (Lair:6)
  4 flayed ghosts
  19 ironbrand convokers
  7 swamp dragons
  3 wizards
  3 phantasmal warriors
  2 shambling mangroves
  4 necromancers
  A harpy (shapeshifter) (Vaults:3)
  10 orc knights
  3 deep elf archers
  A fire giant zombie (Vaults:4)
  3 orc sorcerers
  A stone giant zombie (Vaults:4)
  22 wolf spiders
  3 oklob plants (Lair:2)
  4 deep elf magi
  9 orb spiders
  3 manticores
  32 ugly things
  7 cyclopes
  Joseph (D:8)
  5 guardian serpents (Desolation)
  2 moths of wrath
  13 vault sentinels
  A water nymph (shapeshifter) (Vaults:5)
  2 black mambas
  4 torpor snails
  2 molten gargoyles (Desolation)
  A stone giant skeleton (Vaults:4)
  A spiny frog (shapeshifter) (Vaults:3)
  32 spiny frogs
  11 komodo dragons
  3 freezing wraiths
  A kobold demonologist (D:14)
  2 human skeletons (Vaults:4)
  2 tengu conjurers
  46 yaktaurs
  7 demonic crawlers
  21 tyrant leeches
  11 trolls
  3 meliai (D:14)
  25 jumping spiders
  A merfolk (D:13)
  2 wind drakes (shapeshifter)
  6 polar bears
  27 hornets
  3 human simulacra
  A sphinx simulacrum (Vaults:4)
  62 saltlings
  5 bog bodies
  A raiju (shapeshifter) (Vaults:4)
  2 hornets (shapeshifter)
  12 hippogriffs
  36 slime creatures
  2 dream sheep (Lair:5)
  14 blink frogs
  A blink frog (shapeshifter) (Vaults:1)
  7 spriggans
  2 spriggans (shapeshifter)
  6 shadows
  4 wyverns
  48 redbacks
  57 yaks
  13 tarantellas
  2 hogs (D:9)
  A yak (shapeshifter) (D:13)
  3 basilisks
  2 fire bats (shapeshifter) (Vaults:3)
  3 fire elementals (Orc:2)
  11 wraiths
  2 humans (Vaults:4)
  Eustachio (D:6)
  A golden eye (shapeshifter) (Vaults:4)
  4 hungry ghosts
  25 vampire mosquitoes
  A steam dragon (D:14)
  Menkaure (D:6)
  21 swamp worms
  3 insubstantial wisps (Swamp:3)
  Edmund (D:5)
  4 wargs
  3 acid dragons
  5 hell hounds
  26 soldier ants
  15 water moccasins
  5 black bears
  3 ice beasts
  10 porcupines
  A black bear (shapeshifter) (D:13)
  A hornet zombie (D:7)
  3 sky beasts
  12 swamp drakes
  45 orc warriors
  A necrophage (D:5)
  An elf zombie (Vaults:4)
  29 ogres
  4 phantoms
  6 boggarts (Vaults:3)
  An eye of draining (D:11)
  24 wolves
  22 centaurs
  16 crocodiles
  2 big kobolds
  31 bullfrogs
  A deep troll simulacrum (Vaults:4)
  2 wyvern skeletons
  7 scorpions
  9 killer bees
  5 wights
  7 electric eels
  A howler monkey (D:5)
  10 crimson imps
  2 centaur zombies
  A quasit (D:8)
  2 centaur skeletons
  6 hounds
  A jelly (D:15)
  25 orc priests
  4 bullfrog skeletons
  27 orc wizards
  Jessica (D:2)
  An iguana (shapeshifter) (Vaults:3)
  4 iguanas
  7 hell rats (Lair:5)
  24 worker ants
  2 hound zombies
  2 hound skeletons
  A worker ant zombie (D:5)
  Robin (D:2)
  2 howler monkey skeletons
  8 gnolls
  17 adders
  4 shadow imps
  2 oozes
  An adder zombie (D:7)
  2 adder skeletons
  8 dart slugs
  6 worms
  2 leopard geckos
  134 orcs
  A ball python (D:2)
  6 giant cockroaches
  17 goblins
  10 hobgoblins
  3 jackals
  13 kobolds
  6 quokkas
  12 bats
  4 frilled lizards
  A leopard gecko skeleton (D:5)
  5 rats
  A bush (D:9)
  A plant (D:9)
1735 creatures vanquished.

Vanquished Creatures (collateral kills)
  A tengu reaver (Vaults:4)
  A fire giant (Vaults:5)
  2 iron dragons (Vaults:5)
  A deep elf sorcerer (Vaults:5)
  A vault warden (Vaults:4)
  An imperial myrmidon (Desolation)
  A stone giant (Vaults:4)
  2 ironheart preservers
  A crystal guardian (Vaults:5)
  An ettin (Vaults:5)
  A deep elf death mage (Vaults:5)
  2 yaktaur captains
  A servant of whispers (Desolation)
  A hydra (Lair:2)
  7 vault guards
  A peacekeeper (Desolation)
  A two-headed ogre (Vaults:4)
  A swamp dragon (Swamp:3)
  An ironbrand convoker (Vaults:4)
  2 orc knights (Vaults:4)
  A wolf spider (Spider:4)
  A vault sentinel (Vaults:5)
  A tyrant leech (Spider:2)
  9 saltlings (Desolation)
  A tarantella (Spider:2)
  2 water moccasins (Lair:1)
  A bullfrog (Lair:1)
  2 wights (D:7)
  An orc (Vaults:4)
  A goblin (D:2)
  3 hobgoblins (D:2)
  A jackal (D:2)
  A rat (D:2)
55 creatures vanquished.

Vanquished Creatures (others)
  A ghost moth (Spider:4)
  A tarantella (Spider:4)
  A vampire mosquito (Swamp:3)
  An orc warrior (Vaults:5)
  An orc priest (Vaults:5)
  An orc (Vaults:5)
  A kobold (D:3)
  14 bushes
  19 fulminant prisms
  32 fungi
  112 plants
184 creatures vanquished.

Grand Total: 1974 creatures vanquished

Notes
Turn   | Place    | Note
-------+----------+-------------------------------------------
     0 | D:1      | Amnesiac the Demigod Wizard began the quest for the Orb.
     0 | D:1      | Reached XP level 1. HP: 14/14 MP: 6/6
   292 | D:1      | Reached skill level 1 in Conjurations
   557 | D:1      | Reached XP level 2. HP: 3/20 MP: 0/8
   796 | D:1      | Learned a level 2 spell: Blink
   799 | D:1      | Learned a level 2 spell: Call Imp
  1293 | D:1      | Reached XP level 3. HP: 26/26 MP: 7/10
  1298 | D:1      | Learned a level 3 spell: Mephitic Cloud
  1550 | D:2      | Found a faded altar of an unknown god.
  1616 | D:2      | Noticed Robin
  1914 | D:2      | Killed Robin
  1914 | D:2      | Reached XP level 4. HP: 14/33 MP: 1/11
  2213 | D:2      | Noticed Jessica
  2218 | D:2      | Killed Jessica
  2810 | D:3      | Reached XP level 5. HP: 38/38 MP: 6/13
  3564 | D:4      | Reached XP level 6. HP: 23/45 MP: 10/15
  4155 | D:4      | Reached skill level 1 in Shields
  4155 | D:4      | Reached skill level 5 in Conjurations
  4382 | D:5      | Entered Level 5 of the Dungeon
  4394 | D:4      | Learned a level 3 spell: Conjure Flame
  4397 | D:4      | Learned a level 2 spell: Slow
  4495 | D:5      | Reached XP level 7. HP: 24/49 MP: 3/17
  4845 | D:5      | Reached skill level 5 in Spellcasting
  5106 | D:5      | Noticed Edmund
  5116 | D:5      | Killed Edmund
  5660 | D:5      | Reached XP level 8. HP: 48/56 MP: 5/19
  6253 | D:6      | Found a staircase to the Ecumenical Temple.
  6435 | D:6      | Noticed Menkaure
  6442 | D:6      | Noticed Eustachio
  6446 | D:6      | Killed Menkaure
  6460 | D:6      | Killed Eustachio
  6999 | Temple   | Entered the Ecumenical Temple
  7454 | D:7      | Found a hide-covered altar of Uskayaw.
  7507 | D:7      | Reached skill level 5 in Fighting
  7507 | D:7      | Reached skill level 5 in Dodging
  7507 | D:7      | Reached skill level 5 in Shields
  7523 | D:7      | Reached XP level 9. HP: 70/73 MP: 6/20
  9107 | D:8      | Noticed Erica
  9214 | D:8      | Noticed Gastronok
  9858 | D:8      | Killed Erica
 10171 | D:8      | Killed Gastronok
 10171 | D:8      | Reached XP level 10. HP: 73/83 MP: 17/21
 10368 | D:8      | Noticed Joseph
 10404 | D:8      | Killed Joseph
 10889 | D:9      | Noticed a two-headed ogre
 10916 | D:9      | Killed a two-headed ogre
 11128 | D:9      | Found a white marble altar of Elyvilon.
 11190 | D:9      | Found a radiant altar of Vehumet.
 11231 | D:9      | Found an opulent altar of Gozag.
 11231 | D:9      | Found a glowing golden altar of the Shining One.
 11386 | D:9      | Found a huge runed gate.
 11386 | D:9      | Found a huge runed gate.
 11386 | D:9      | Found a huge runed gate.
 11386 | D:9      | Found a huge runed gate.
 11389 | D:9      | Noticed a death yak
 11777 | D:9      | Reached XP level 11. HP: 61/92 MP: 5/22
 11780 | D:9      | Killed a death yak
 11885 | D:10     | Entered Level 10 of the Dungeon
 12837 | D:11     | Found a staircase to the Lair.
 13515 | D:11     | Noticed a five-headed hydra
 13526 | D:11     | Killed a five-headed hydra
 13963 | Lair:1   | Entered Level 1 of the Lair of Beasts
 14670 | Lair:1   | Noticed a six-headed hydra
 14829 | Lair:1   | Killed a six-headed hydra
 15197 | Lair:2   | Noticed an eight-headed hydra
 15211 | Lair:2   | Killed an eight-headed hydra
 15211 | Lair:2   | Reached XP level 12. HP: 48/103 MP: 6/23
 15271 | Lair:2   | Noticed an eight-headed hydra
 15312 | Lair:2   | Killed an eight-headed hydra
 16680 | Lair:2   | Learned a level 4 spell: Fulminant Prism
 16738 | Lair:2   | Got a bloodstained quarterstaff
 16744 | Lair:2   | Identified the +6 quarterstaff "Plog" {elec, rElec rPois rC- Int+6} (You found it on level 2 of the Lair of Beasts)
 16902 | Lair:3   | Noticed a five-headed hydra
 16923 | Lair:3   | Found a labyrinth entrance.
 16930 | Lab      | Entered a labyrinth
 16974 | Lab      | Learned a level 4 spell: Force Lance
 17171 | Lab      | Noticed a minotaur
 17187 | Lab      | Killed a minotaur
 17191 | Lab      | Got a citrine-encrusted plate armour
 17203 | Lab      | Identified the +8 plate armour of the Hanged Man {MR+ MP+9} (You took it off a minotaur in a labyrinth)
 17235 | Lab      | Got an encrusted falchion
 17275 | Lab      | Identified the +5 falchion of Imminent Death {slice, MP+9} (You found it in a labyrinth)
 17367 | Lair:3   | Killed a three-headed hydra
 17367 | Lair:3   | Reached skill level 10 in Conjurations
 17369 | Lair:3   | Reached skill level 10 in Fighting
 17376 | Lair:3   | Reached skill level 10 in Dodging
 17382 | Lair:3   | Reached skill level 10 in Shields
 18509 | Lair:2   | Learned a level 4 spell: Iskenderun's Mystic Blast
 18715 | Lair:3   | Found a staircase to the Swamp.
 19832 | Lair:4   | Noticed a seven-headed hydra
 19837 | Lair:4   | Killed a seven-headed hydra
 19837 | Lair:4   | Reached XP level 13. HP: 113/113 MP: 14/28
 20412 | Lair:4   | Found a hole to the Spider Nest.
 20998 | Lair:5   | Noticed an entropy weaver
 22618 | Lair:5   | Killed an entropy weaver
 22839 | Lair:5   | Noticed an entropy weaver
 22948 | Lair:5   | Killed an entropy weaver
 22948 | Lair:5   | Reached skill level 10 in Spellcasting
 23951 | Lair:6   | Entered Level 6 of the Lair of Beasts
 25491 | Lair:6   | Reached XP level 14. HP: 122/122 MP: 22/33
 25858 | Lair:6   | Found a staircase to the Slime Pits.
 26668 | Lair:6   | Learned a level 7 spell: Orb of Destruction
 27671 | D:12     | Noticed Josephine
 27681 | D:12     | Killed Josephine
 27824 | D:12     | Found a staircase to the Orcish Mines.
 28482 | Orc:1    | Entered Level 1 of the Orcish Mines
 28501 | Orc:1    | Noticed Fannar
 28545 | Orc:1    | Found a bloodstained altar of Trog.
 28656 | Orc:1    | Killed Fannar
 28754 | Orc:1    | Found Fudoefo's Distillery.
 28802 | Orc:1    | Found a dark tunnel.
 29068 | Volcano  | Entered a volcano
 29255 | Volcano  | Found a bloodstained altar of Trog.
 30103 | Orc:1    | Bought a potion of heal wounds for 75 gold pieces
 30103 | Orc:1    | Bought a potion of heal wounds for 75 gold pieces
 30103 | Orc:1    | Bought a potion of agility for 60 gold pieces
 30103 | Orc:1    | Bought a potion of brilliance for 60 gold pieces
 30103 | Orc:1    | Bought a potion of brilliance for 60 gold pieces
 30282 | Orc:2    | Entered Level 2 of the Orcish Mines
 30324 | Orc:2    | Found a roughly hewn altar of Beogh.
 30466 | Orc:2    | Noticed Azrael
 30480 | Orc:2    | Killed Azrael
 30662 | Orc:2    | Found Butwan's Gadget Shoppe.
 30928 | Orc:2    | Found a roughly hewn altar of Beogh.
 31019 | Orc:2    | Found a staircase to the Elven Halls.
 31067 | Orc:2    | Found a roughly hewn altar of Beogh.
 31240 | Orc:2    | Found Offaorphixie's Antique Armour Shoppe.
 31375 | Orc:2    | Found a roughly hewn altar of Beogh.
 31549 | Orc:2    | Found Tyosof Imat's Book Emporium.
 31858 | Orc:2    | Noticed an orc warlord
 31876 | Orc:2    | Killed an orc warlord
 32348 | Orc:2    | Found Ikkul's Antique Weapon Shop.
 32349 | Orc:2    | Found a roughly hewn altar of Beogh.
 32351 | Orc:2    | Found Zyagh's Antique Armour Boutique.
 32610 | Orc:2    | Bought a translucent leather armour for 224 gold pieces
 32610 | Orc:2    | Bought a pair of ancient boots for 304 gold pieces
 32610 | Orc:2    | Bought a pair of embroidered gloves for 240 gold pieces
 32620 | Orc:2    | Identified the cursed +0 pair of boots "Zogocurra" {-Tele rElec rF+} (You bought it in a shop on level 2 of the Orcish Mines)
 32631 | Orc:2    | Identified the +3 leather armour of the Cast Vote {rCorr Str+3} (You bought it in a shop on level 2 of the Orcish Mines)
 32713 | Orc:2    | Bought a pair of runed gloves for 247 gold pieces
 32993 | D:12     | Reached XP level 15. HP: 130/130 MP: 0/35
 36238 | D:14     | Found a gate to the Vaults.
 36294 | D:14     | Learned a level 1 spell: Summon Butterflies
 36322 | D:14     | Found a portal to a secret trove of treasure.
 37399 | D:15     | Entered Level 15 of the Dungeon
 37552 | D:15     | Found a staircase to the Depths.
 38716 | Spider:1 | Entered Level 1 of the Spider Nest
 39801 | Spider:1 | Reached XP level 16. HP: 103/139 MP: 37/37
 40305 | Spider:1 | Noticed Donald
 40311 | Spider:1 | Killed Donald
 40727 | Spider:2 | Got a bloodstained halberd
 43383 | Spider:4 | Entered Level 4 of the Spider Nest
 43667 | Spider:4 | Noticed Roxanne
 43750 | Spider:4 | Killed Roxanne
 43819 | Spider:4 | Learned a level 5 spell: Irradiate
 44171 | Spider:4 | Reached skill level 15 in Shields
 45198 | Swamp:1  | Entered Level 1 of the Swamp
 45632 | Swamp:1  | Got a sheer robe
 45639 | Swamp:1  | Got a jewelled longbow
 45679 | Swamp:1  | Noticed a tentacled monstrosity
 45684 | Swamp:1  | Killed a tentacled monstrosity
 46493 | Swamp:2  | You fall through a shaft!
 47947 | Swamp:3  | Identified the cursed +0 robe of Zuxkut {-Tele MR+ Int+4} (You found it on level 1 of the Swamp)
 48124 | Swamp:3  | Reached XP level 17. HP: 148/148 MP: 28/38
 48899 | Swamp:4  | Entered Level 4 of the Swamp
 49179 | Swamp:4  | Learned a level 2 spell: Passwall
 50173 | Swamp:4  | Got a decaying rune of Zot
 50734 | Vaults:1 | Entered Level 1 of the Vaults
 54584 | Vaults:1 | Reached XP level 18. HP: 161/161 MP: 19/40
 55808 | Vaults:2 | Found a staircase to the Crypt.
 56235 | Vaults:2 | Reached skill level 15 in Dodging
 56257 | Vaults:2 | Reached skill level 15 in Fighting
 57628 | Vaults:2 | Found Kier's Antique Weapon Shop.
 59363 | Vaults:3 | Found a ruined gateway.
 59511 | Desolati | Entered the Desolation of Salt
 59544 | Desolati | Learned a level 7 spell: Spellforged Servitor
 60321 | Desolati | Reached XP level 19. HP: 72/170 MP: 11/42
 60668 | Desolati | Got a heavily runed chain mail
 60681 | Desolati | Identified the +4 chain mail of Ru's Righteous Anger {Stlth+} (You found it in the Desolation of Salt)
 61615 | Desolati | Identified the Catalogue of Ice
 61623 | Desolati | Got a vibrating jade amulet
 61625 | Desolati | Identified Pechiyn's Compendium of Translocation and Hexes
 61638 | Desolati | Identified the amulet of Veetoam {Gourm rF+ MR+} (You found it in the Desolation of Salt)
 61747 | Desolati | Identified the Compendium of Snow and Feathers
 61759 | Desolati | Identified the +10 dagger of Wrongful Imprisonment {drain, Str+7 Dex+4} (You found it in the Desolation of Salt)
 61772 | Desolati | Got a pair of warped boots
 61775 | Desolati | Identified the cursed +0 pair of boots "Zaameap" {rPois Regen+ Int+6} (You found it in the Desolation of Salt)
 61786 | Desolati | Learned a level 6 spell: Deflect Missiles
 62038 | Desolati | Reached skill level 15 in Conjurations
 62669 | Vaults:3 | Reached skill level 15 in Spellcasting
 62707 | Vaults:3 | Reached skill level 1 in Charms
 63385 | Vaults:3 | Found Mareir's Assorted Antiques.
 63415 | Vaults:3 | Bought a scroll of enchant weapon for 195 gold pieces
 64278 | Vaults:3 | Got an encrusted arbalest
 64778 | Vaults:4 | Found a gateway to a bazaar.
 65888 | Vaults:4 | Reached XP level 20. HP: 161/178 MP: 26/45
 66843 | Vaults:4 | Found a runed door.
 66848 | Vaults:4 | Noticed Norchuf's ghost (adept MiFi)
 67653 | Vaults:4 | Killed Norchuf's ghost
 67910 | Bazaar   | Entered a bazaar
 67916 | Bazaar   | Found Loeruss's General Store.
 67919 | Bazaar   | Found Feogug's Assorted Antiques.
 67925 | Bazaar   | Found Ebulel's Gadget Shoppe.
 67930 | Bazaar   | Bought a twitching copper ring for 125 gold pieces
 67963 | Bazaar   | Found Atuph's Assorted Antiques.
 67967 | Bazaar   | Found Qiown's Weapon Boutique.
 67969 | Bazaar   | Bought a glowing robe for 92 gold pieces
 67971 | Bazaar   | Identified the ring "Banwan" {-Tele rN+ MR+ SInv} (You bought it in a shop in a bazaar)
 67985 | Bazaar   | Bought a lumpy ruby potion for 22 gold pieces
 67985 | Bazaar   | Bought an agate ring for 125 gold pieces
 68009 | Bazaar   | Bought a runed helmet for 187 gold pieces
 68037 | Bazaar   | Bought an uncursed ring of magical power for 320 gold pieces
 68037 | Bazaar   | Bought a +0 pair of gloves of dexterity for 184 gold pieces
 68065 | Bazaar   | Bought a translucent ring mail for 225 gold pieces
 68065 | Bazaar   | Identified the cursed +1 ring mail "Xaeleez" {rN++} (You bought it in a shop in a bazaar)
 68101 | Vaults:5 | Identified a paperback manual
 68101 | Vaults:5 | Entered Level 5 of the Vaults
 68118 | Vaults:5 | Reached skill level 1 in Short Blades
 68253 | Vaults:5 | HP: 5/178 [crystal guardian/crystal bolt (33)]
 68511 | Vaults:5 | Reached skill level 5 in Short Blades
 69090 | Vaults:5 | Got a silver rune of Zot
 69094 | Vaults:5 | Killed from afar by a titan

Vault maps used:
D:1:      minmay_arrival_diagonal_passages
D:2:      chequers_ecumenical_altar_island, uniq_robin, uniq_jessica
D:4:      cheibrodos_thug_alley, grunt_decor_one_mirror
D:5:      kennysheep_slugbush, first_ration, serial_co_window_serial,
          co_window_paths_b, co_window_paths_b, co_window_of_opportunity_a,
          co_window_corner_a, co_window_corner_a, co_window_of_opportunity_c,
          co_window_corner_b, co_window_corner_b, co_window_sun,
          glass_columns_a, glass_columns_a, uniq_edmund
D:6:      minmay_temple_entry_glass, uniq_eustachio, uniq_menkaure
D:7:      basic_altar
D:8:      uniq_joseph, uniq_erica, uniq_gastronok
D:9:      lemuel_bear_cage, lemuel_coloured_pillars_altar,
          gammafunk_temple_overflow_forgotten
D:11:     lair_entry_dummy
D:12:     hiddenorc1_lemuel, hangedman_fish_farm, uniq_josephine
D:14:     lightli_vaults_fourway_checkpoint, kennysheep_boxes, enter_trove_0
D:15:     grunt_enter_depths_snipers, palyth_stone_intersect
Temple:   regret_index_temple_mists
Lair:1:   infiniplex_staircase_pool, grunt_megastairs_5, lemuel_fruit_fields
Lair:2:   grunt_megastairs_4, minmay_lair_oklob_chamber
Lair:3:   minmay_swamp_entry_worms, lab_entry_generic
Lair:4:   nicolae_spider_entry_orb_guardian, forest_entry_grove
Lair:5:   minivault_26, minivault_29
Lair:6:   minmay_lair_end_frog_pond, dpeg_slime_entry_corner
Swamp:1:  hangedman_swamp_blocks, swamp_pool5
Swamp:2:  nicolae_swamp_trees_clearing, swamp_pool1
Swamp:3:  serial_swamp_ruin, evilmike_swamp_ruin_house_2,
          evilmike_swamp_ruin_house_3, swamp_pool1
Swamp:4:  swamp_basic_johnstein, swamp_pool3
Spider:1: uniq_donald
Spider:2: worms_lemuel
Spider:3: hive_lemuel
Spider:4: spider_rune_water, uniq_roxanne
Orc:1:    serial_shops, nicolae_shop_crystal, enter_volcano_3,
          trog_butcher_becter, uniq_fannar
Orc:2:    grunt_orc_community_town_hall, grunt_orc_community_big_house_1,
          grunt_orc_community_big_house_2, grunt_orc_community_house_2,
          grunt_orc_community_house_2, grunt_orc_community_house_2,
          grunt_orc_community_house_2, basic_altar, serial_shops,
          nicolae_shop_waterfront, uniq_azrael
Vaults:1: v_rooms_3, v_misc_10, ontoclasm_vaults_gateway, v_pattern_3,
          vaults_dpeg_hooks, vaults_dpeg_doors, nicolae_vaults_arrows,
          vaults_room_grunt_arrival_checkpoint, ontoclasm_vaults_twist,
          dpeg_vaults_monster_row
Vaults:2: nicolae_vaults_good_morning_starshine, v_alt_pattern_4,
          v_alt_pattern_3, v_misc_11, grunt_vaults_twisty,
          minmay_crypt_entry_simple_corners, ontoclasm_vaults_loading_screen,
          nicolae_vaults_mini_display_case, nicolae_vaults_little_squares_2,
          serial_shops, shop
Vaults:3: v_misc_4, v_misc_11, hangedman_vaults_maws,
          nicolae_vaults_network_star, st_more_cells, ontoclasm_vaults_hangar,
          nicolae_vaults_ring_of_whatevers, vaults_mumra_chevron_long,
          vaults_room_door_ring, dpeg_vaults_monster_box,
          nicolae_vaults_yaktaur_gun_rack, portal_desolation_entry_nicolae_nacl,
          serial_shops, shop
Vaults:4: ebering_vaults_ghost_inner_flame, grunt_vaults_swirl, v_misc_18,
          ontoclasm_vaults_ligature, vaults_mumra_hexcomb,
          nicolae_vaults_sealed_display, ontoclasm_vaults_ring_square,
          vaults_room_pools, dpeg_vaults_pockets_of_resistance,
          hangedman_vaults_slice, ontoclasm_vaults_eye,
          nicolae_vaults_little_squares_4, serial_shops, bzr_entry_customers
Vaults:5: serial_shops
Lab:      labyrinth_green
Bazaar:   bazaar_kb_twisted_cavern
Volcano:  kennysheep_volcano_temple

Skill      XL: |  1  2  3  4  5  6  7  8  9 10 11 12 13 14 15 16 17 18 19 20 |
---------------+-------------------------------------------------------------+-----
Spellcasting   | 3 4 5 7 10 11 12 13 14 15 16 | 16.5
Conjurations   | 1 2 3 4 5 6 7 9 10 11 12 13 14 16 | 16.6
Shields        | 2 4 5 6 7 9 10 11 12 15 | 15.0
Dodging        | 3 5 6 7 9 10 11 12 14 15 | 15.0
Fighting       | 5 6 7 9 10 11 12 14 15 | 15.0
Charms         | 3 |  3.0
Short Blades   | 7 |  7.5
Stealth        | |  1.7
Summonings     | |  0.8
Translocations | |  0.8

Action                   |  1- 3 |  4- 6 |  7- 9 | 10-12 | 13-15 | 16-18 | 19-21 || total
-------------------------+-------+-------+-------+-------+-------+-------+-------++-------
Melee: Unarmed           |    17 |       |       |       |       |       |       ||    17
       Short sword       |    12 |     6 |       |       |       |       |       ||    18
       Dagger            |       |   134 |   113 |   368 |    30 |       |     5 ||   650
       Flail             |       |       |    11 |       |       |       |       ||    11
       Scimitar          |       |       |    10 |     6 |       |       |       ||    16
       Falchion          |       |       |       |    53 |   245 |   142 |       ||   440
       Staff             |       |       |       |       |       |    76 |     3 ||    79
       Quick blade       |       |       |       |       |       |       |   347 ||   347
 Fire: Blowgun           |       |       |    24 |       |     7 |    30 |       ||    61
 Cast: Magic Dart        |   107 |    65 |   351 |   295 |    13 |       |       ||   831
       Call Imp          |     3 |     1 |     7 |     9 |       |       |       ||    20
       Mephitic Cloud    |     1 |     9 |     4 |    31 |     7 |       |       ||    52
       Conjure Flame     |       |     2 |    21 |    68 |     5 |       |       ||    96
       Slow              |       |       |     2 |       |       |       |       ||     2
       Blink             |       |       |       |     3 |     9 |     1 |       ||    13
       Force Lance       |       |       |       |    57 |   168 |   183 |   210 ||   618
       Iskenderun's Myst |       |       |       |    52 |   673 |   434 |    18 ||  1177
       Fulminant Prism   |       |       |       |     5 |       |     4 |    10 ||    19
       Orb of Destructio |       |       |       |       |    98 |   311 |   195 ||   604
       Spellforged Servi |       |       |       |       |       |     1 |     8 ||     9
       Irradiate         |       |       |       |       |       |       |     7 ||     7
       Deflect Missiles  |       |       |       |       |       |       |     3 ||     3
Evoke: Wand              |       |       |       |     2 |    40 |    17 |     1 ||    60
       Phial of floods   |       |       |       |       |       |     5 |       ||     5
  Use: Scroll            |       |    15 |     5 |    10 |    11 |    17 |    20 ||    78
       Potion            |       |     1 |     1 |     2 |     2 |    11 |    31 ||    48
 Stab: Sleeping          |       |     4 |       |     2 |       |       |       ||     6
       Confused          |       |     5 |     2 |    12 |     2 |       |       ||    21
       Distracted        |       |       |       |       |     1 |     4 |     5 ||    10
       Invisible         |       |       |       |       |       |     1 |       ||     1
  Eat: Chunk             |     3 |     8 |     9 |    25 |    59 |    89 |    27 ||   220
       Ration            |       |       |     3 |     3 |    12 |    14 |     4 ||    36
Armor: Robe              |    21 |    43 |    52 |     3 |     8 |    90 |    62 ||   279
       Leather armour    |       |       |       |   121 |   153 |       |       ||   274
       Skin              |       |       |       |       |     2 |       |       ||     2
       Ring mail         |       |       |       |       |    26 |   165 |       ||   191
Dodge: Dodged            |    59 |    86 |   182 |   368 |   386 |   510 |   273 ||  1864
       Deflected         |       |       |       |       |       |       |    17 ||    17
Block: Other             |       |    12 |       |       |       |       |       ||    12
       Reflection        |       |     1 |       |     1 |     3 |       |       ||     5
       Buckler           |       |     4 |   116 |   208 |       |       |       ||   328
       Shield            |       |       |       |   131 |   511 |   556 |   239 ||  1437
       Rpst.: Falchion   |       |       |       |    27 |   114 |    44 |       ||   185

Table legend:
 A = Spawn XP
 B = Non-spawn XP
 C = Spawn XP percentage of total XP
 D = Spawn monster count
 E = Non-spawn monster count
 F = Spawn count percentage of total count
 G = Total turns spent on level
                    A         B        C        D         E        F      G
               +---------+---------+-------+---------+---------+-------+---------
         Total |       0 |  655135 |   0.0 |       0 |    1791 |   0.0 | 69094
               +---------+---------+-------+---------+---------+-------+---------
           D:1 |       0 |      48 |   0.0 |       0 |      25 |   0.0 |  1328
           D:2 |       0 |     118 |   0.0 |       0 |      34 |   0.0 |  1278
           D:3 |       0 |     145 |   0.0 |       0 |      22 |   0.0 |   870
           D:4 |       0 |     450 |   0.0 |       0 |      29 |   0.0 |  1313
           D:5 |       0 |     962 |   0.0 |       0 |      27 |   0.0 |  1378
           D:6 |       0 |     937 |   0.0 |       0 |      15 |   0.0 |   990
           D:7 |       0 |    1656 |   0.0 |       0 |      23 |   0.0 |  1757
           D:8 |       0 |    4653 |   0.0 |       0 |      32 |   0.0 |  1655
           D:9 |       0 |    5082 |   0.0 |       0 |      26 |   0.0 |  1294
          D:10 |       0 |    1500 |   0.0 |       0 |      20 |   0.0 |   917
          D:11 |       0 |    4645 |   0.0 |       0 |      38 |   0.0 |  1651
          D:12 |       0 |    9377 |   0.0 |       0 |      53 |   0.0 |  2044
          D:13 |       0 |   13069 |   0.0 |       0 |      59 |   0.0 |  2062
          D:14 |       0 |   29898 |   0.0 |       0 |      75 |   0.0 |  2175
          D:15 |       0 |    6890 |   0.0 |       0 |      17 |   0.0 |  1037
        Lair:1 |       0 |    5252 |   0.0 |       0 |      23 |   0.0 |  1354
        Lair:2 |       0 |    8056 |   0.0 |       0 |      32 |   0.0 |  1657
        Lair:3 |       0 |    8554 |   0.0 |       0 |      39 |   0.0 |  2108
        Lair:4 |       0 |    9457 |   0.0 |       0 |      40 |   0.0 |  3511
        Lair:5 |       0 |   17476 |   0.0 |       0 |      86 |   0.0 |  2927
        Lair:6 |       0 |   15722 |   0.0 |       0 |      53 |   0.0 |  1618
       Swamp:1 |       0 |   12209 |   0.0 |       0 |      22 |   0.0 |  1322
       Swamp:2 |       0 |   11189 |   0.0 |       0 |      23 |   0.0 |   915
       Swamp:3 |       0 |    9634 |   0.0 |       0 |      24 |   0.0 |  1719
       Swamp:4 |       0 |   22757 |   0.0 |       0 |      39 |   0.0 |  1410
      Spider:1 |       0 |   16506 |   0.0 |       0 |      49 |   0.0 |  1610
      Spider:2 |       0 |   13665 |   0.0 |       0 |      47 |   0.0 |  1836
      Spider:3 |       0 |    9950 |   0.0 |       0 |      34 |   0.0 |  1611
      Spider:4 |       0 |   13950 |   0.0 |       0 |      35 |   0.0 |   841
         Orc:1 |       0 |    7418 |   0.0 |       0 |      48 |   0.0 |  1479
         Orc:2 |       0 |   14367 |   0.0 |       0 |     106 |   0.0 |  2400
      Vaults:1 |       0 |   74151 |   0.0 |       0 |     131 |   0.0 |  4530
      Vaults:2 |       0 |   59523 |   0.0 |       0 |      78 |   0.0 |  3529
      Vaults:3 |       0 |   50112 |   0.0 |       0 |      97 |   0.0 |  3104
      Vaults:4 |       0 |   83792 |   0.0 |       0 |     117 |   0.0 |  2725
      Vaults:5 |       0 |   50799 |   0.0 |       0 |      53 |   0.0 |   993
           Lab |       0 |    1231 |   0.0 |       0 |       1 |   0.0 |   403
       Volcano |       0 |    6389 |   0.0 |       0 |       8 |   0.0 |   480
    Desolation |       0 |   53546 |   0.0 |       0 |     111 |   0.0 |  2947
               +---------+---------+-------+---------+---------+-------+---------
